 Dungeon Crawl Stone Soup version 0.17.0-57-g0e89251 (webtiles) character file.

539 PossumBlood the Slasher (level 7, -2/55 HPs)
             Began as a Human Fighter on Dec 7, 2015.
             Killed from afar by ktd's ghost (20 damage)
             ... with a flame tongue
             ... on level 4 of the Dungeon.
             The game lasted 00:08:37 (4911 turns).

PossumBlood the Slasher (Human Fighter)             Turns: 4911, Time: 00:08:37

Health: -2/55      AC:  7    Str: 23    XL:     7   Next: 51%
Magic:  7/7        EV:  7    Int:  9    God:
Gold:   187        SH: 10    Dex: 12    Spells: 0 memorised, 6 levels left

rFire  . . .     SeeInvis .     a - +0 long sword
rCold  . . .     Clarity  .     b - +0 scale mail
rNeg   . . .     SustAt   .     c - +0 shield
rPois  .         Gourm    .     (no helmet)
rElec  .         Spirit   .     (no cloak)
rCorr  .         Warding  .     (no gloves)
rMut   .         Stasis   .     (no boots)
MR     .....                    (no amulet)
Stlth  ..........               (no ring)
                                (no ring)

@: mighty, not resistant to hostile enchantments, extremely unstealthy
A: no striking features
a: no special abilities


You were on level 4 of the Dungeon.
You were not hungry.

You visited 1 branch of the dungeon, and saw 4 of its levels.

You collected 187 gold pieces.

Inventory:

Hand Weapons
 a - a +0 long sword (weapon)
Missiles
 i - 2 javelins
 k - 6 poisoned javelins (quivered)
Armour
 b - a +0 scale mail (worn)
 c - a +0 shield (worn)
Scrolls
 e - a scroll of immolation {unknown}
 g - 4 scrolls of identify
 h - a scroll of recharging {unknown}
 n - a scroll of magic mapping
Potions
 f - 2 potions of haste
 m - a potion of magic
Comestibles
 j - a bread ration
 l - 3 meat rations


   Skills:
 + Level 4.3 Fighting
 * Level 5.1 Long Blades
 + Level 4.4 Armour
 + Level 4.4 Shields


You had 6 spell levels left.
You didn't know any spells.

Dungeon Overview and Level Annotations

Branches:
Dungeon (4/15)
 Temple: D:4-7

Altars:
Dithmenos
Kikubaaqudgha
Makhleb
Ru
Trog
The Shining One

Annotations:
D:4 ktd's ghost, amateur DsFE


Message History

You block the gnoll's attack. Ktd's ghost casts a spell at you.
The flame tongue hits you!
You closely miss ktd's ghost.
Ktd's ghost is lightly damaged.
You block the gnoll's attack. The gnoll hits you but does no damage.
The gnoll hits you from afar with a spear. x2
Ktd's ghost hits you but does no damage.
You slash ktd's ghost!
Ktd's ghost is moderately damaged.
The gnoll hits you from afar with a spear.
The gnoll hits you but does no damage.
Ktd's ghost gestures at you while chanting.
The flame tongue hits you! The gnoll hits you but does no damage.
You slash ktd's ghost!
Ktd's ghost is heavily damaged.
The gnoll hits you but does no damage. You block the gnoll's attack.
Ktd's ghost points at you and mumbles some strange words.
The flame tongue hits you!
You die...

.........................#....#
................[........#....#
.........................#..>.#
!........................#...####
.<.......................#...#...
..################.......#...#...
..#,,,,,*........#.......#...#...
..#,,,,,*........'.......#...'...
..#,,,,,*.....o.@#....(..#(..#...
..#,,,,,*.....gWg#.......#...#...
..#,,,,,*.....ggo#.......#...#...
..#**,,**#...oo.s#.......#####...
###**,,**#.......######.........#
,,,,,,,,,.........#...#.........#
,,,,,,,,,.........#...'.........#
,,,,,,,,,.........#...#.........#
,,,,,,,,,,,,,,,,,,#...#.........#


You could see a gnoll shaman, ktd's ghost, 3 gnolls, 4 orcs and a giant
cockroach.

Vanquished Creatures
  An ogre (D:4)
  2 scorpions
  A hound (D:4)
  An orc priest (D:4)
  Jessica (D:3)
  3 worker ants
  A hound skeleton (D:4)
  9 adders
  An ooze (D:3)
  2 worms (D:2)
  4 orcs
  3 ball pythons
  15 bats
  8 giant cockroaches
  9 goblins
  8 hobgoblins
  7 jackals
  3 quokkas
  A giant gecko skeleton (D:4)
  4 giant newts
  6 kobolds
  8 rats
  A rat zombie (D:2)
99 creatures vanquished.

Notes
Turn   | Place    | Note
--------------------------------------------------------------
     0 | D:1      | PossumBlood the Human Fighter began the quest for the Orb.
     0 | D:1      | Reached XP level 1. HP: 18/18 MP: 1/1
   155 | D:1      | Reached XP level 2. HP: 24/24 MP: 2/2
   796 | D:2      | Reached XP level 3. HP: 27/29 MP: 3/3
  1049 | D:2      | Found a shadowy altar of Dithmenos.
  1158 | D:2      | Reached XP level 4. HP: 14/35 MP: 4/4
  1622 | D:2      | Found a glowing golden altar of the Shining One.
  1638 | D:2      | Found a sacrificial altar of Ru.
  1970 | D:2      | Found a burning altar of Makhleb.
  1971 | D:2      | Found a bloodstained altar of Trog.
  2062 | D:2      | Found an ancient bone altar of Kikubaaqudgha.
  2174 | D:3      | Noticed Jessica
  2179 | D:3      | Killed Jessica
  2179 | D:3      | Reached XP level 5. HP: 41/41 MP: 5/5
  3098 | D:3      | Reached XP level 6. HP: 25/48 MP: 6/6
  3298 | D:3      | Reached skill level 4 in Long Blades
  4163 | D:4      | Reached XP level 7. HP: 41/54 MP: 7/7
  4575 | D:4      | Reached skill level 5 in Long Blades
  4900 | D:4      | Noticed ktd's ghost (amateur DsFE)
  4911 | D:4      | Killed from afar by ktd's ghost

Action                   |  1- 3 |  4- 6 |  7- 9 || total
-------------------------+-------+-------+-------++-------
Melee: Long sword        |   153 |   251 |    71 ||   475
  Use: Scroll            |     4 |     8 |     1 ||    13
       Potion            |       |       |     1 ||     1
  Eat: Bread ration      |     1 |     1 |       ||     2
       Royal jelly       |       |     1 |       ||     1
       Fruit             |       |       |     2 ||     2
       Pizza             |       |       |     1 ||     1
